 Dungeon Crawl Stone Soup version 0.24.0-13-gcf9b319 (webtiles) character file.

Game seed: 2512491677084882745, levelgen mode: deterministic

716 Fortress the Digger (level 7, -3/40 HPs)
             Began as a Gargoyle Earth Elementalist on Jan 5, 2020.
             Slain by a gnoll
             ... wielding a +0 halberd
              (12 damage)
             ... on level 5 of the Dungeon.
             The game lasted 00:23:44 (3954 turns).

Fortress the Digger (Gargoyle Earth Elementalist)   Turns: 3954, Time: 00:23:45

Health: -3/40      AC: 11    Str: 17    XL:     7   Next: 69%
Magic:  0/14       EV: 11    Int: 17    God:
Gold:   244        SH:  0    Dex: 13    Spells: 15/16 levels left

rFire    . . .     SeeInvis .   o - +0 short sword (vamp)
rCold    + . .     Gourm    .   (no shield)
rNeg     + . .     Faith    .   t - +0 ring mail
rPois    ∞         Spirit   +   (no helmet)
rElec    +         Reflect  .   (no cloak)
rCorr    +         Harm     .   r - +1 pair of gloves {Dex+3}
MR       .....                  (no boots)
Stlth    +.........             a - amulet of guardian spirit
HPRegen  0.13/turn              w - ring of resist corrosion
MPRegen  0.14/turn              j - ring of protection from cold

@: mighty, glowing
A: negative energy resistance 1, electricity resistance, unbreathing,
petrification resistance, rot immunity, AC +4
a: no special abilities


You were on level 5 of the Dungeon.
You were hungry.

You visited 1 branch of the dungeon, and saw 5 of its levels.

You collected 244 gold pieces.

Inventory:

Hand Weapons
 k - a cursed -1 dagger
 o - a +0 vampiric short sword (weapon)
 v - a +2 dagger of electrocution
Missiles
 b - 114 stones (quivered)
 g - 13 poisoned darts
 p - 82 sling bullets
Armour
 r - a +1 pair of gloves of dexterity (worn)
 t - a +0 ring mail (worn)
Magical Staves
 h - an uncursed staff of poison {unknown}
Jewellery
 a - an amulet of guardian spirit (around neck)
 j - a ring of protection from cold (right hand)
 w - a ring of resist corrosion (left hand)
Scrolls
 e - 3 scrolls of teleportation
 l - 2 scrolls of identify
 x - a scroll of enchant weapon {unknown}
Potions
 c - a potion of invisibility {unknown}
 f - a potion of flight {unknown}
 i - 2 potions of curing
 m - 2 potions of cancellation
 n - 2 potions of might
 q - a potion of mutation
 s - 2 potions of haste
 u - a potion of heal wounds {unknown}
 z - a potion of brilliance {unknown}
Comestibles
 d - 8 rations


   Skills:
 + Level 2.0 Fighting
 + Level 2.0 Short Blades
 - Level 1.6 Dodging
 + Level 2.9 Stealth
 + Level 5.2 Spellcasting
   Level 0.7 Transmutations
 + Level 6.9 Earth Magic


You had 15 spell levels left.
You knew the following spells:

 Your Spells              Type           Power        Failure   Level  Hunger
a - Sandblast             Erth           ####..       1%          1    None

Your spell library contained the following spells:

 Spells                   Type           Power        Failure   Level  Hunger
 Passwall                 Tmut/Erth      ###.....     9%          2    #......
 Stone Arrow              Conj/Erth      ###...       19%         3    ###....
 Lee's Rapid Deconstruct  Erth           ####......   38%         5    ######.
 Petrify                  Tmut/Erth      ###.....     47%         4    ####...


Dungeon Overview and Level Annotations

Branches:
Dungeon (5/15)
 Temple: D:4-7

Altars:
Ashenzari
Kikubaaqudgha

Annotations:
D:3 3 runed translucent doors, Coolblue907's ghost, amateur MiFi


Innate Abilities, Weirdness & Mutations

You are resistant to torment.
Your stone body is resilient. (AC +4)
You are immune to poison.
You resist negative energy. (rN+)
You are resistant to electric shocks. (rElec)
You can survive without breathing.
You are immune to petrification.
You are immune to rotting.


Message History

The gnoll shaman hits you but does no damage.
You puncture the gnoll shaman!
You feel better.
You kill the gnoll shaman!
The gnoll hits you but does no damage. x2; The gnoll barely misses you.
You barely miss the gnoll. The gnoll hits you with a +0 club.
* * * LOW HITPOINT WARNING * * *
The gnoll closely misses you.
Your magical contamination has completely faded away.
You hit the gnoll.
You feel better.
The gnoll is moderately wounded.
The gnoll barely misses you. x2; The gnoll hits you with a +0 club.
* * * LOW HITPOINT WARNING * * *
You hit the gnoll.
You feel better.
The gnoll is severely wounded.
The gnoll barely misses you. The gnoll hits you with a +0 club.
* * * LOW HITPOINT WARNING * * *
You closely miss the gnoll.
The gnoll is severely wounded.
The gnoll hits you from afar with a +0 halberd!
You die...

≈≈≈≈[≈≈...≈≈.$≈ .#..
≈≈≈≈#≈≈≈≈≈≈≈≈≈≈# ##.#.
#≈≈#≈≈≈#≈≈≈≈≈≈≈≈ .....
#†≈≈≈≈≈≈#≈≈≈#≈≈......
.#≈≈≈≈≈≈≈≈≈≈≈≈≈..#..#
###≈≈≈≈≈≈≈#≈≈≈.. ...# # #
##.≈≈#≈≈≈≈.## #..# ... #
#...≈≈.≈≈...####g.#..# #
#...##.##...#.@gZw...#
####..#..##..##.##..#..#
.###..#.#....##.#......#
..##..#†#.#.###.##..#....
......#.#.#...............
####..#.#.#......#.......#
# #.............#.#######
#####.#.#.##.....+.#
..........##.....#


You could see 2 gnolls, a dart slug and a bullfrog skeleton.

Vanquished Creatures
  The ghost of queenofzan the Vandal, an amateur HaHu (D:5)
  An ogre (D:4)
  A crimson imp (D:5)
  A jelly (D:4)
  2 hounds
  2 centaur skeletons (D:4)
  An orc wizard (D:3)
  A bullfrog skeleton (D:3)
  A gnoll shaman (D:5)
  An iguana (D:3)
  6 gnolls
  6 adders
  3 oozes (D:2)
  An adder skeleton (D:4)
  An adder zombie (D:5)
  3 worms
  5 dart slugs
  5 leopard geckos
  8 orcs
  2 ball pythons (D:3)
  4 giant cockroaches
  8 goblins
  3 hobgoblins
  2 jackals (D:4)
  5 frilled lizards
  4 kobolds (D:2)
  4 rats
82 creatures vanquished.

Notes
Turn   | Place    | Note
-------+----------+-------------------------------------------
     0 | D:1      | Fortress the Gargoyle Earth Elementalist began the quest
                  | for the Orb.
     0 | D:1      | Reached XP level 1. HP: 10/10 MP: 3/3
   435 | D:1      | Reached XP level 2. HP: 15/15 MP: 1/5
   472 | D:1      | Reached skill level 4 in Earth Magic
   729 | D:1      | Found a shattered altar of Ashenzari.
   906 | D:2      | Reached skill level 1 in Short Blades
   906 | D:2      | Reached XP level 3. HP: 19/19 MP: 4/6
   925 | D:2      | Found an ancient bone altar of Kikubaaqudgha.
  1188 | D:2      | Reached XP level 4. HP: 24/24 MP: 4/8
  1814 | D:3      | Reached XP level 5. HP: 28/28 MP: 8/10
  1823 | D:3      | Reached skill level 5 in Earth Magic
  1917 | D:3      | Reached skill level 1 in Fighting
  2087 | D:3      | Found a runed translucent gate.
  2087 | D:3      | Found a runed translucent gate.
  2088 | D:3      | Found a runed translucent gate.
  2449 | D:3      | Noticed Coolblue907's ghost (amateur MiFi)
  2719 | D:4      | Reached XP level 6. HP: 19/34 MP: 3/11
  3356 | D:4      | Reached XP level 7. HP: 39/39 MP: 11/13
  3455 | D:4      | Reached skill level 6 in Earth Magic
  3661 | D:5      | Entered Level 5 of the Dungeon
  3858 | D:5      | Found a runed translucent door.
  3858 | D:5      | Noticed queenofzan's ghost (amateur HaHu)
  3889 | D:5      | Killed queenofzan's ghost
  3889 | D:5      | Reached skill level 5 in Spellcasting
  3954 | D:5      | Slain by a gnoll

Levels and vault maps discovered:
D:1:      nzn_arrival_settlement, layout_basic, ashenzari_altar_1
D:2:      layout_loops_corners, lemuel_doored_altar
D:3:      cheibrodos_helix_gallery, layout_loops_cross,
          gammafunk_ghost_necromancy
D:4:      layout_loops_ring, first_ration, corexii_shack
D:5:      kennysheep_slugbush, layout_basic, gammafunk_ghost_grave

Skill      XL: |  1  2  3  4  5  6  7 |
---------------+----------------------+-----
Earth Magic    | 4 5 6 |  6.9
Short Blades   | 1 2 |  2.0
Spellcasting   | 3 4 5 |  5.2
Fighting       | 1 2 |  2.0
Dodging        | |  1.6
Stealth        | |  2.9
Transmutations | |  0.7

Action                   |  1- 3 |  4- 6 |  7- 9 || total
-------------------------+-------+-------+-------++-------
Melee: Unarmed           |    18 |       |       ||    18
       Short sword       |     1 |    37 |    10 ||    48
 Cast: Sandblast         |    27 |    80 |    40 ||   147
  Use: Scroll            |     1 |     7 |     2 ||    10
       Potion            |       |       |     2 ||     2
 Stab: Sleeping          |     1 |       |       ||     1
  Eat: Chunk             |     1 |     6 |     2 ||     9
Armor: Robe              |     6 |    15 |     2 ||    23
       Ring mail         |       |       |    16 ||    16
Dodge: Dodged            |    13 |    27 |    17 ||    57
